 Dungeon Crawl Stone Soup version 0.30-a0-170-g85af917532 (webtiles) character file.

Game seed: 2580764547774224120

3208 IdlyInterested the Fighter (level 9, -20/79 HPs)
             Began as a Demonspawn Gladiator on Sept 30, 2022.
             Killed from afar by an oklob plant (30 damage)
             ... with a splash of acid
             ... on level 8 of the Dungeon.
             The game lasted 00:23:22 (9455 turns).

IdlyInterested the Fighter (Demonspawn Gladiator)   Turns: 9455, Time: 00:23:22

Health: -20/79     AC:  0    Str: 19    XL:     9   Next: 65%
Magic:  9/9        EV: 17    Int: 11    God:
Gold:   310        SH:  5    Dex: 15    Spells: 8/8 levels left

rFire   . . .      SeeInvis +    c - +4 club (spect)
rCold   . . .      Faith    .    o - +2 buckler
rNeg    . . .      Spirit   .    F - +0 steam dragon scales
rPois   .          Reflect  .    (helmet unavailable)
rElec   .          Harm     .    u - +1 cloak
rCorr   .          Rampage  .    (no gloves)
Will    .....                    (no boots)
Stlth   +++.......               P - amulet "Vatez" {RegenMP Slay+3}
HPRegen 0.23/turn                m - +4 ring of protection
MPRegen 0.51/turn                z - +4 ring of evasion

@: corroded, unable to drink
A: antennae 3, foul stench 2, weakness stinger 2, strong 1, inability to drink
after injury 1
a: no special abilities


You were on level 8 of the Dungeon.
You visited 2 branches of the dungeon, and saw 9 of its levels.

You collected 310 gold pieces.

Inventory:

Hand Weapons
 a - a +1 long sword
 b - a +1 dagger of venom
 c - a +4 spectral club (weapon)
 p - a +2 dagger of speed
 t - a +4 flail
 x - the +3 morningstar of Moderation {vorpal, *Rage *Noise rN+++ MP+9}
   (You found it on level 5 of the Dungeon)

   It inflicts extra damage upon your enemies.
   rN:        It renders you almost immune to negative energy.
   MP:        It affects your magic capacity (+9).
   *Noise:    It may make noises in combat.
   *Rage:     It berserks you when you make melee attacks (+20% chance).
 E - a +0 morningstar
Missiles
 d - 10 throwing nets (quivered)
 e - a javelin
 g - 7 poisoned darts
 K - a curare-tipped dart
Armour
 j - a +1 scale mail
 o - a +2 buckler (worn)
 u - a +1 cloak (worn)
 B - a +0 chain mail
 F - +0 steam dragon scales (worn)
 J - a +0 plate armour
 N - the +0 chain mail "Date" {rC- Int+7}
   (You found it on level 7 of the Dungeon)

   Int:       It affects your intelligence (+7).
   rC:        It makes you vulnerable to cold.
Jewellery
 m - a +4 ring of protection (left hand)
 q - a ring of ice
 z - a +4 ring of evasion (right hand)
 P - the amulet "Vatez" (around neck) {RegenMP Slay+3}
   (You found it on level 7 of the Dungeon)

   [amulet of magic regeneration]

   It increases your rate of magic regeneration.
   Slay:      It affects your accuracy & damage with ranged weapons and melee
   (+3).
Wands
 k - a wand of charming (23)
 n - a wand of quicksilver (14)
 r - a wand of digging (4)
 s - a wand of flame (21)
Scrolls
 f - 2 scrolls of vulnerability
 l - 7 scrolls of teleportation
 w - 2 scrolls of fog
 y - 2 scrolls of enchant weapon
 H - a scroll of amnesia
 L - a scroll of enchant armour
 O - a scroll of silence {unknown}
Potions
 h - a potion of resistance
 i - 2 potions of lignification
 v - a potion of curing
 A - a potion of mutation
 C - a potion of invisibility
 D - a potion of magic
 G - a potion of berserk rage {unknown}
 I - a potion of might
 M - a potion of brilliance {unknown}


   Skills:
 + Level 10.3 Fighting
 - Level 3.0 Long Blades
 * Level 3.8 Throwing
 - Level 4.0 Armour
 - Level 4.0 Dodging
 - Level 4.0 Stealth
 - Level 4.0 Evocations


You had 8 spell levels left.
You didn't know any spells.
Your spell library contained the following spells:

 Spells                   Type           Power      Damage    Failure   Level
 Airstrike                Air            0%         2d(0-16)  99%         4
 Summon Lightning Spire   Summ/Air       0%         N/A       99%         4
 Lightning Bolt           Conj/Air       0%         1d11      100%        5


Dungeon Overview and Level Annotations

Branches:
Dungeon (8/15)             Temple (1/1) D:7
   Lair: D:8-11

Altars:
Ashenzari
Cheibriados
Dithmenos
Hepliaklqana
Kikubaaqudgha
Makhleb
Qazlal
Ru
Sif Muna
Trog
Vehumet
Wu Jian
Xom
Yredelemnul

Shops:
D:5 *

Annotations:
D:8 exclusion: oklob plant


Innate Abilities, Weirdness & Mutations

You have a pair of large antennae on your head. (SInv)
You sometimes emit foul miasma when damaged in melee.
You have a tail ending in a sharp stinger.
Your muscles are strong. (Str +4, Int/Dex -1)
You occasionally lose the ability to drink potions when taking damage.


Message History

Your +4 spectral club hits the oklob plant but does no damage.
You hit the oklob plant but do no damage.
The oklob plant is heavily damaged.
Your +4 spectral club hits the oklob plant but does no damage.
The oklob plant spits acid at you. The splash of acid hits you!
The acid corrodes you!
You hit the oklob plant.
You tail-slap the oklob plant, but do no damage.
The oklob plant is heavily damaged.
Your +4 spectral club hits the oklob plant.
The oklob plant spits acid at you. The splash of acid misses you.
You hit the oklob plant but do no damage.
The oklob plant is heavily damaged.
Your +4 spectral club hits the oklob plant!
You hit the oklob plant but do no damage.
The oklob plant is severely damaged.
Your +4 spectral club hits the oklob plant.
The oklob plant spits acid at you. The splash of acid hits you!!
You feel threatened and lose the ability to drink potions!
The oklob plant spits acid at you. The splash of acid hits you!!
* * * LOW HITPOINT WARNING * * *
The acid corrodes you!
You cannot drink potions in your current state!
Unknown command.
You cannot drink potions in your current state!
Aiming: Throw Flame
Press: ? - help, Shift-Dir - straight line, f - oklob plant
Aim: an oklob plant (severely damaged, 100% to hit)
The puff of flame hits the oklob plant.
The oklob plant is severely damaged.
Unknown command.
You hit the oklob plant but do no damage.
The oklob plant is severely damaged.
Your +4 spectral club hits the oklob plant.
The oklob plant spits acid at you. The splash of acid hits you!!
You die...

##### #...# #####
#...####...###
###.###...##..(....#
....#......'..@P§..#
##........##.......#
#.........####...###
##........########
#..#.........#
#.##....))...#
........))....#
##.##.....)..<# ..
#.........#


You could see an oklob plant and a friendly +4 spectral club (summoned).

Vanquished Creatures
  Maggie (D:6)
  Sigmund (D:2)
  A wyvern (D:6)
  A steam dragon (D:7)
  An orc warrior (D:8)
  A sky beast (D:7)
  2 black bears (D:5)
  An ogre (D:7)
  2 phantoms (D:6)
  A kobold brigand (D:7)
  2 bullfrogs (D:7)
  2 scorpions
  A necrophage (D:6)
  3 howler monkeys
  An electric eel (D:7)
  7 orc priests
  10 jellies
  9 hounds
  4 iguanas
  Ijyb (D:3)
  Natasha (thrice) (D:3)
  6 orc wizards
  5 gnolls (D:6)
  8 adders
  A white imp (D:7)
  2 ufetubi
  3 dart slugs
  A worm (D:3)
  12 orcs
  12 endoplasms
  3 giant cockroaches
  4 goblins
  3 hobgoblins (D:1)
  9 jackals
  A quokka (D:1)
  8 ball pythons
  4 bats
  3 frilled lizards
  11 kobolds
  6 rats
157 creatures vanquished.

Vanquished Creatures (others)
  An orc (D:6)
  A goblin (D:4)
  9 fungi (D:8)
  4 toadstools (D:1)
15 creatures vanquished.

Grand Total: 172 creatures vanquished

Notes
Turn   | Place    | Note
-------+----------+-------------------------------------------
     0 | D:1      | IdlyInterested the Demonspawn Gladiator began the quest for
                  | the Orb.
     0 | D:1      | Reached XP level 1. HP: 16/16 MP: 1/1
   663 | D:1      | Gained mutation: You may rarely emit foul miasma when
                  | damaged in melee. [demonic ancestry]
   663 | D:1      | Reached XP level 2. HP: 19/22 MP: 2/2
   832 | D:1      | You fall into a shaft and drop 1 floor!
  1475 | D:2      | Gained mutation: You sometimes emit foul miasma when
                  | damaged in melee. [demonic ancestry]
  1475 | D:2      | Reached XP level 3. HP: 19/28 MP: 3/3
  1491 | D:2      | Reached skill level 1 in Stealth
  2435 | D:2      | Noticed Sigmund
  2446 | D:2      | HP: 1/28 [something/puff of flame (12)]
  2446 | D:2      | Killed Sigmund
  2447 | D:2      | Reached skill level 5 in Fighting
  2447 | D:2      | Discovered your monstrous ancestry.
  2447 | D:2      | Gained mutation: You have a pair of small antennae on your
                  | head. [demonic ancestry]
  2447 | D:2      | Reached XP level 4. HP: 1/39 MP: 4/4
  2447 | D:2      | Gained mutation: You have a pair of antennae on your head.
                  | [demonic ancestry]
  2447 | D:2      | Reached XP level 5. HP: 2/44 MP: 5/5
  3389 | D:3      | Noticed Natasha
  3404 | D:3      | Killed Natasha
  3405 | D:3      | Reached skill level 1 in Armour
  3406 | D:3      | Noticed Ijyb
  3416 | D:3      | Killed Ijyb
  3417 | D:3      | Reached XP level 6. HP: 11/51 MP: 6/6
  3787 | D:3      | Found a sacrificial altar of Ru.
  4052 | D:3      | Noticed Natasha
  4065 | D:3      | Killed Natasha
  4625 | D:3      | Noticed Natasha
  4633 | D:3      | Killed Natasha
  5163 | D:4      | Reached skill level 6 in Fighting
  5256 | D:4      | Gained mutation: You have a small tail. [demonic ancestry]
  5256 | D:4      | Reached XP level 7. HP: 55/58 MP: 7/7
  5685 | D:5      | Entered Level 5 of the Dungeon
  5757 | D:5      | Identified the +3 morningstar of Moderation {vorpal, *Rage
                  | *Noise rN+++ MP+9}
  5782 | D:5      | Reached skill level 1 in Evocations
  6349 | D:5      | Found Ezeec's General Store.
  6395 | D:5      | Reached skill level 7 in Fighting
  6780 | D:5      | Gained mutation: You occasionally lose the ability to drink
                  | potions when taking damage. [potion of mutation]
  6780 | D:5      | Gained mutation: Your muscles are strong. (Str +4, Int/Dex
                  | -1) [potion of mutation]
  6793 | D:6      | Gained mutation: You have a tail ending in a sharp stinger.
                  | [demonic ancestry]
  6793 | D:6      | Reached XP level 8. HP: 68/68 MP: 8/8
  6886 | D:6      | Noticed Maggie
  6898 | D:6      | Killed Maggie
  6899 | D:6      | Reached skill level 8 in Fighting
  7423 | D:6      | Reached skill level 9 in Fighting
  7891 | D:7      | Gained mutation: You have a pair of large antennae on your
                  | head. (SInv) [demonic ancestry]
  7891 | D:7      | Reached XP level 9. HP: 73/77 MP: 9/9
  7938 | D:7      | Identified the +0 chain mail "Date" {rC- Int+7}
  8368 | D:7      | Found a staircase to the Ecumenical Temple.
  8383 | Temple   | Entered the Ecumenical Temple
  8655 | D:7      | Reached skill level 10 in Fighting
  8722 | D:7      | Found a burning altar of Makhleb.
  8809 | D:7      | Found a broken altar of Ashenzari.
  8809 | D:7      | Found a shimmering blue altar of Sif Muna.
  8811 | D:7      | Found a bloodstained altar of Trog.
  8847 | D:7      | Identified the amulet "Vatez" {RegenMP Slay+3}
  9203 | D:8      | Noticed an oklob plant
  9455 | D:8      | Killed from afar by an oklob plant

Illustrated notes

Levels and vault maps discovered:
D:1:      ldierk_walled_garden_2, layout_loops_corners, minmay_splitting_lines,
          minmay_misc_feat_encased, hangedman_abyss_or_decor_lesser_grid
D:2:      layout_basic, serial_co_window_serial, co_window_paths_b,
          co_window_paths_b, co_window_paths_a, co_window_paths_b,
          co_window_paths_a, co_window_corner_a, co_window_2corner,
          co_window_corner_ca, co_window_broadway_a, co_window_2corner,
          co_window_paths_c, glass_columns_c, glass_columns_b, glass_columns_b,
          uniq_sigmund
D:3:      layout_basic, nicolae_ru_sacrificial_ziggurat, uniq_ijyb, uniq_natasha
D:4:      layout_loops_ring
D:5:      layout_loops_ring, serial_shops, shop, kennysheep_generic_room_3
D:6:      minmay_bubble_buster, layout_basic, uniq_maggie
D:7:      layout_cave_pools, gammafunk_temple_overflow_claw,
          makhleb_heckhound_becter, minmay_temple_entry_ruins,
          grunt_ministairs_10, minivault_24, grunt_ogre_cave,
          amcnicky_mini_pool_medium
D:8:      lemuel_slime, layout_loops_corners, grunt_temple_overflow_opulence,
          mainiacjoe_overflow_divided_tiny, kennysheep_nub,
          nicolae_shop_clearance, uniq_psyche
Temple:   chequers_temple_sunken

Skill      XL: |  1  2  3  4  5  6  7  8  9 |
---------------+----------------------------+-----
Long Blades    | 3 |  3.0
Dodging        | 3 4 |  4.0
Throwing       | 2 3 |  3.8
Stealth        | 2 4 |  4.0
Fighting       | 5 6 7 9 10 | 10.3
Armour         | 1 2 3 4 |  4.0
Evocations     | 2 3 4 |  4.0

Action                   |  1- 3 |  4- 6 |  7- 9 || total
-------------------------+-------+-------+-------++-------
Melee: Long sword        |    92 |    31 |       ||   123
       Punch             |     1 |       |       ||     1
       Club              |       |    49 |   240 ||   289
       Tailslap          |       |       |    33 ||    33
Evoke: Wand              |       |       |     6 ||     6
  Use: Scroll            |     7 |     5 |     4 ||    16
       Potion            |       |     2 |     2 ||     4
 Stab: Distracted        |       |       |     1 ||     1
       Sleeping          |       |       |     2 ||     2
Armor: Leather armour    |     9 |       |       ||     9
       Scale mail        |    32 |    37 |    57 ||   126
       Steam dragon scal |       |       |    29 ||    29
Dodge: Dodged            |    49 |    31 |   196 ||   276
Block: Buckler           |    13 |    30 |    56 ||    99

Table legend: (Time is in decaauts)
 A = Elapsed time spent in this place.
 B = Non-inter-level travel time spent in this place.
 C = Inter-level travel time spent in this place.
 D = Time resting spent in this place.
 E = Time spent auto-exploring this place.
 F = Levels seen in this place.
 G = Mean time per level.
                   A        B        C        D        E       F      G
               +--------+--------+--------+--------+--------+-----+--------+
         Total |   9665 |   8421 |   1244 |   2618 |   4135 |   9 | 1073.9 |
       Dungeon |   9409 |   8196 |   1213 |   2618 |   3920 |   8 | 1176.1 |
        Temple |    256 |    225 |     31 |      0 |    215 |   1 |  256.0 |
               +--------+--------+--------+--------+--------+-----+--------+

Top non-repeatable levels by time:
     D:3: 1913 daAuts
     D:2: 1598 daAuts
     D:1: 1405 daAuts
     D:6: 1352 daAuts
     D:5: 1076 daAuts
     D:4: 931 daAuts
     D:7: 650 daAuts
     D:8: 481 daAuts
  Temple: 256 daAuts
